 Dungeon Crawl Stone Soup version 0.31-a0-221-gbddc013574 (webtiles) character file.

Game seed: 15194850367478573903

797 qw the Shooter (level 7, -2/44 HPs)
             Began as a Gargoyle Hexslinger on July 4, 2023.
             Slain by a lemure (7 damage)
             ... led by Pikel
             ... on level 4 of the Dungeon.
             The game lasted 00:01:04 (3147 turns).

qw the Shooter (Gargoyle Hexslinger)                Turns: 3147, Time: 00:01:05

Health: -2/44      AC: 11    Str: 18    XL:     7   Next: 89%
Magic:  17/17      EV: 11    Int: 13    God:
Gold:   130        SH:  0    Dex: 12    Spells: 7/8 levels left

rFire   . . .        Y - +2 longbow (drain)
rCold   . . .        (shield currently unavailable)
rNeg    + . .        l - +0 ring mail
rPois   inf          (no helmet)
rElec   +            d - +0 cloak
rCorr   .            (no gloves)
SInv    +            (no boots)
Will    ++...        (no amulet)
Stlth   +            f - +6 ring of strength
HPRegen 0.27/turn    b - ring "Edun" {Will++ MP+9 Dex-2 SInv}
MPRegen 0.15/turn

%: no passive effects
@: no status effects
A: sickness immunity, AC +4, negative energy resistance 1, electricity
resistance, torment resistance 1, petrification resistance
a: no special abilities


You were on level 4 of the Dungeon.
You visited 1 branch of the dungeon, and saw 5 of its levels.

You collected 130 gold pieces.


Innate Abilities, Weirdness & Mutations

You are immune to sickness and miasma.
Your stone body is resilient. (AC +4)
You are immune to poison.
You resist negative energy. (rN+)
You are resistant to electric shocks. (rElec)
You are resistant to unholy torment.
You are immune to petrification.


   Skills:
 - Level 4.3 Fighting
 + Level 7.5 Ranged Weapons
 - Level 1.6 Armour
 - Level 1.5 Dodging
 - Level 1.0 Spellcasting
 - Level 2.6 Hexes


You had 7 spell levels left.
You knew the following spells:

 Your Spells              Type           Power      Damage    Failure   Level
a - Slow                  Hex            28%        N/A       17%         1

Your spell library contained the following spells:

 Spells                   Type           Power      Damage    Failure   Level
 Inner Flame              Hex/Fire       4%         N/A       65%         3
 Portal Projectile        Hex/Tloc       8%         N/A       65%         3
 Cause Fear               Hex            3%         N/A       86%         4

Inventory:

Hand Weapons
 Y - a +2 longbow of draining (weapon)
Armour
 d - a +0 cloak (worn)
 e - a +0 pair of gloves
 l - a +0 ring mail (worn)
Jewellery
 b - the ring "Edun" (right hand) {Will++ MP+9 Dex-2 SInv}
   (You found it on level 2 of the Dungeon)

   [ring of magical power]

   Dex:       It affects your dexterity (-2).
   MP:        It affects your magic capacity (+9).
   SInv:      It lets you see invisible.
   Will:      It greatly increases your willpower.
 f - a +6 ring of strength (left hand)
Scrolls
 a - a scroll of identify
 c - a scroll of noise {unknown}
Potions
 h - a potion of enlightenment
 i - a potion of might {unknown}
 n - a potion of curing {unknown}

Dungeon Overview and Level Annotations

Branches:
Dungeon (5/15)
 Temple: D:4-7

Altars:
Ashenzari

Shops:
D:4 :

Portals:
Abyss: D:4

Annotations:
D:2 1 runed translucent door, Crazy Yiuf
D:4 qw's ghost, amateur GrHs


Message History

You shoot an arrow. The arrow barely misses the lemure.
The lemure hits you. The lemure closely misses you.
You shoot an arrow. The arrow hits the lemure.
The lemure is heavily wounded.
You shoot an arrow. The arrow hits the lemure.
The lemure is heavily wounded.
The lemure hits you but does no damage. x2; The lemure hits you.
You shoot an arrow. The arrow hits the lemure!
The lemure is almost dead.
The lemure closely misses you. The lemure misses you.
The lemure hits you but does no damage. The lemure barely misses you.
The lemure hits you but does no damage. The lemure closely misses you.
You shoot an arrow. The arrow hits the lemure!
You kill the lemure!
That felt strangely unrewarding.
The lemure hits you but does no damage.
You shoot an arrow. The arrow hits the lemure!
The lemure is moderately wounded.
The lemure hits you but does no damage. The lemure closely misses you.
The lemure barely misses you. The lemure hits you.
The lemure barely misses you. x2
You shoot an arrow. The arrow hits the lemure!
The lemure is severely wounded.
The lemure hits you. The lemure hits you but does no damage.
The lemure barely misses you.
You shoot an arrow. The arrow hits the lemure.
The lemure is severely wounded.
The lemure hits you but does no damage. The lemure hits you.
The lemure closely misses you.
You shoot an arrow. The arrow closely misses the lemure.
The lemure hits you but does no damage. The lemure closely misses you.
The lemure hits you. The lemure hits you! The lemure closely misses you.
The lemure hits you.
You shoot an arrow. The arrow barely misses the lemure.
The lemure hits you! The lemure barely misses you.
The lemure hits you but does no damage.
You shoot an arrow. The arrow hits the lemure!
You kill the lemure!
That felt strangely unrewarding.
The lemure barely misses you. The lemure hits you. The lemure hits you!
You die... #....####..##..##.## #....#....# #.## #.# #....#####. ### ### #.....##### xK.

#. #.........##..#
#.
#......^...#....#...
#.....###..##...#...
#....##5##..#^# ##..
#.5@###..#.##5# ##.
#.5.# .#.### # #....
# ## #..... ##....#
.....# ......
.#......


You could see 2 lemures.

Vanquished Creatures
  Sigmund (D:3)
  Edmund (D:4)
  Duvessa (D:4)
  An ogre (D:4)
  2 lemures (D:4)
  Dowan (D:4)
  An orc priest (D:3)
  2 sleepcaps
  Jessica (D:3)
  Ijyb (D:3)
  Natasha (twice) (D:3)
  An orc wizard (D:3)
  A gnoll (D:1)
  3 adders
  2 dart slugs
  3 orcs
  2 endoplasms
  6 giant cockroaches
  5 goblins
  4 hobgoblins
  2 jackals (D:3)
  A quokka (D:1)
  2 ball pythons
  4 bats (D:1)
  5 frilled lizards
  5 kobolds
  7 rats
67 creatures vanquished.

Notes
Turn   | Place    | Note
-------+----------+-------------------------------------------
     0 | D:1      | qw the Gargoyle Hexslinger began the quest for the Orb.
     0 | D:1      | Reached XP level 1. HP: 12/12 MP: 2/2
     0 | D:1      | 0 ||| qw: Version: 0.3-a-40-ge99b1a8
     0 | D:1      | 0 ||| qw: Game counter: 675
     0 | D:1      | 0 ||| qw: Melee chars always use a shield: true
     0 | D:1      | 0 ||| qw: God list: Okawaru
     0 | D:1      | 0 ||| qw: Allow faded altars: false
     0 | D:1      | 0 ||| qw: Do Orc after clearing Dungeon:15 true
     0 | D:1      | 0 ||| qw: Do second Lair branch before Depths: true
     0 | D:1      | 0 ||| qw: Lair rune preference: random
     0 | D:1      | 0 ||| qw: Goals: Normal
     0 | D:1      | 0 ||| PLANNING D:1-11
   171 | D:1      | Reached XP level 2. HP: 16/16 MP: 3/3
   212 | D:1      | HP: 4/16 [goblin/+0 club (2)]
   300 | D:1      | Reached skill level 3 in Ranged Weapons
   339 | D:1      | Reached XP level 3. HP: 18/20 MP: 4/4
   685 | D:1      | 685 ||| UPGRADING to +0 cloak.
   690 | D:1      | 690 ||| DROPPING amulet of magic regeneration.
   691 | D:1      | 691 ||| UPGRADING to +6 ring of strength.
   692 | D:1      | 692 ||| READING 2 scrolls labelled HIODE QUIRE.
   693 | D:1      | 693 ||| READING scroll labelled RYCUACAPLO.
   694 | D:1      | 694 ||| DROPPING scroll of poison.
   912 | D:2      | Identified the ring "Edun" {Will++ MP+9 Dex-2 SInv}
  1118 | D:2      | Found a faded altar of an unknown god.
  1201 | D:2      | Found a runed translucent door.
  1202 | D:2      | Noticed Crazy Yiuf
  1369 | D:2      | 1369 ||| UPGRADING to +0 ring mail.
  1379 | D:2      | 1379 ||| DROPPING +0 robe.
  1380 | D:2      | 1380 ||| UPGRADING to ring "Edun" {Will++ MP+9 Dex-2 SInv}.
  1450 | D:2      | 1450 ||| READING scroll labelled XOASHR GEOZ.
  1450 | D:2      | Identified a scroll of acquirement
  1450 | D:2      | 1450 ||| ACQUIRING +2 longbow of draining
  1450 | D:2      | Acquired a +2 longbow of draining
  1452 | D:2      | 1452 ||| SWAPPING to +2 longbow of draining.
  1453 | D:2      | 1453 ||| DROPPING +1 sling of freezing.
  1454 | D:2      | 1454 ||| READING scroll labelled REFOEN TAC.
  1469 | D:3      | 1469 ||| PLANNING SEWER
  1591 | D:3      | Reached XP level 4. HP: 26/26 MP: 5/5
  1598 | D:3      | Reached skill level 4 in Ranged Weapons
  1602 | D:3      | Reached skill level 1 in Armour
  1608 | D:3      | Reached XP level 5. HP: 14/30 MP: 6/6
  1682 | D:3      | Noticed Ijyb
  1686 | D:3      | Killed Ijyb
  1788 | D:3      | Noticed Jessica
  1790 | D:3      | Killed Jessica
  1791 | D:3      | Reached skill level 5 in Ranged Weapons
  1802 | D:3      | Noticed Sigmund
  1803 | D:3      | 1803 ||| FLEEEEING.
  1807 | D:3      | 1807 ||| FLEEEEING.
  1808 | D:3      | 1808 ||| FLEEEEING.
  1814 | D:3      | Killed Sigmund
  1815 | D:3      | Reached XP level 6. HP: 12/39 MP: 7/7
  2107 | D:3      | Noticed Natasha
  2108 | D:3      | Killed Natasha
  2182 | D:3      | 2182 ||| RIP SEWER
  2204 | D:3      | 2204 ||| PLANNING D:1-11
  2294 | D:3      | Found a broken altar of Ashenzari.
  2299 | D:3      | Noticed Natasha
  2311 | D:3      | 2311 ||| Stepping ~*~*~tactically~*~*~ (outnumbered).
  2327 | D:3      | Killed Natasha
  2459 | D:3      | 2459 ||| READING scroll labelled XEOTWO DOCZUR.
  2460 | D:3      | 2460 ||| READING scroll labelled RIZAID UPHAY.
  2461 | D:3      | 2461 ||| READING scroll labelled UCKYMANY WOITE.
  2462 | D:3      | 2462 ||| READING 5 scrolls of identify.
  2462 | D:3      | 2462 ||| IDENTIFYING grey potion
  2463 | D:3      | 2463 ||| READING 4 scrolls of identify.
  2463 | D:3      | 2463 ||| IDENTIFYING sapphire potion
  2464 | D:3      | 2464 ||| READING 3 scrolls of identify.
  2464 | D:3      | 2464 ||| IDENTIFYING ruby potion
  2465 | D:3      | 2465 ||| READING 2 scrolls of identify.
  2465 | D:3      | 2465 ||| IDENTIFYING glowing yellow potion
  2466 | D:3      | 2466 ||| DROPPING potion of lignification.
  2467 | D:3      | 2467 ||| DROPPING potion of magic.
  2468 | D:3      | 2468 ||| DROPPING potion of brilliance.
  2550 | D:4      | Noticed Dowan
  2551 | D:4      | Noticed Duvessa
  2555 | D:4      | Killed Duvessa
  2556 | D:4      | Reached skill level 6 in Ranged Weapons
  2556 | D:4      | Reached XP level 7. HP: 26/44 MP: 8/8
  2559 | D:4      | Killed Dowan
  2704 | D:4      | Noticed qw's ghost (amateur GrHs)
  2705 | D:4      | Noticed Edmund
  2706 | D:4      | Noticed a small abomination
  2714 | D:4      | Killed Edmund
  2717 | D:4      | HP: 9/44 [sleepcap (6)]
  2719 | D:4      | Reached skill level 7 in Ranged Weapons
  2723 | D:4      | Noticed a toenail golem
  2854 | D:4      | You fall into a shaft and drop 1 floor!
  2854 | D:5      | Entered Level 5 of the Dungeon
  2906 | D:5      | 2906 ||| READING scroll labelled QUAPUO VEAWN.
  2907 | D:5      | 2907 ||| READING scroll labelled VEITIS AHETIO.
  2911 | D:4      | Found Vauthal's Tiny Tomes.
  3119 | D:4      | Found a one-way gate to the infinite horrors of the Abyss.
  3146 | D:4      | HP: 8/44 [lemure[Pikel] (8)]
  3147 | D:4      | Slain by a lemure

Levels and vault maps discovered:
D:1:      dpeg_arrival_long_road, layout_loops_cross
D:2:      layout_basic, basic_ecumenical_altar,
          minmay_fractal_squares_gapless_5, uniq_crazy_yiuf_cottage
D:3:      layout_loops_ring, ashenzari_altar_1, gup_sewer_entry_bowl, uniq_ijyb,
          uniq_natasha, uniq_jessica, uniq_sigmund
D:4:      minmay_chambers_of_fours, layout_basic,
          gammafunk_ghost_abyssal_escape, nicolae_shop_i_like_small_books_too,
          uniq_edmund, uniq_duvessa, uniq_eustachio, uniq_pikel
D:5:      layout_basic

Skill      XL: |  1  2  3  4  5  6  7 |
---------------+----------------------+-----
Ranged Weapons | 3 4 5 6 7 |  7.5
Fighting       | 2 4 |  4.3
Armour         | 1 |  1.6
Dodging        | |  1.5
Spellcasting   | |  1.0
Hexes          | |  2.6

Action                     |  1- 3 |  4- 6 |  7- 9 || total
---------------------------+-------+-------+-------++-------
   Fire: Sling             |    91 |       |       ||    91
         Longbow           |    19 |    63 |    49 ||   131
    Use: Scroll            |     4 |     7 |     2 ||    13
 Armour: Robe              |    26 |       |       ||    26
         Ring mail         |     3 |    33 |    21 ||    57
  Dodge: Dodged            |    30 |    23 |    34 ||    87

Table legend:
 A = Non-vault XP
 B = Vault XP
 C = Vault XP percentage of total XP
 D = Non-vault monster count
 E = Vault monster count
 F = Vault count percentage of total count
                 A         B        C        D         E       F
            +---------+---------+-------+---------+---------+-------
      Total |     430 |     709 |  62.2 |      50 |      15 |  23.1
            +---------+---------+-------+---------+---------+-------
        D:1 |      42 |       0 |   0.0 |      19 |       0 |   0.0
        D:2 |       6 |      10 |  62.5 |       4 |       5 |  55.6
        D:3 |     165 |     325 |  66.3 |      19 |       7 |  26.9
        D:4 |     180 |     374 |  67.5 |       7 |       3 |  30.0
        D:5 |      37 |       0 |   0.0 |       1 |       0 |   0.0
            +---------+---------+-------+---------+---------+-------
